AoeStats
← KırımTatarı

Lombardia

509196589Analyzed
3v3 RM · 6d ago on Sep 25, 2026· 71m 4s· 6 players
Game mode
Random Map
Map size
Normal (6 player)
Population
200
Speed
Normal
Resources
Standard
Victory
Conquest
Starting age
Dark Age
Ending age
Imperial Age
RankedLock teamsTeams togetherTeam positionsShared explorationLock speedFull tech treeHidden civsTurbo modeCheats
Victory
Defeat
🇦🇺 Hindustanis · Australia
1163
+15
🇦🇺 Khmer · Australia
1161
+15
🇬🇧 Danes · United Kingdom
1156
+15
🇹🇷 Malay · Türkiye
1173
-17
🇹🇷 Magyars · Türkiye
1118
-14
🇹🇷 Vietnamese · Türkiye
1114
-14
Kaçika Exeal Kaçika
7:14 Loom
9:23 Feudal Age
7:40 Loom
9:40 Double-Bit Axe
12:47 Fletching
17:38 Wheelbarrow
20:27 Castle Age
18:53 Gold Mining
20:57 Bodkin Arrow
20:48 Crossbowman
23:52 Ballistics
25:17 Bow Saw
30:58 Horse Collar
32:27 Stone Mining
33:13 Gold Shaft Mining
32:39 Heavy Plow
36:32 Imperial Age
35:36 Hand Cart
35:06 Town Watch
36:37 Stone Shaft Mining
38:56 Chemistry
39:25 Heavy Scorpion
41:54 Pikeman
42:48 Forging
45:55 Iron Casting
46:24 Squires
47:33 Halberdier
55:29 Conscription
60:29 Caravan
HoChiMinh
6:28 Loom
9:02 Feudal Age
9:29 Double-Bit Axe
19:43 Castle Age
18:36 Horse Collar
18:52 Gold Mining
20:44 Bow Saw
20:49 Heavy Plow
20:45 Fletching
21:05 Forging
22:12 Wheelbarrow
21:49 Squires
22:14 Crossbowman
23:56 Pikeman
24:38 Bodkin Arrow
25:48 Stone Mining
26:42 Padded Archer Armor
28:10 Light Cavalry
31:17 Thumb Ring
31:21 Husbandry
34:07 Iron Casting
36:46 Imperial Age
35:13 Scale Barding Armor
36:45 Bloodlines
37:31 Arbalester
38:37 Ballistics
39:17 Chemistry
40:21 Two-Man Saw
39:54 Bracer
43:53 Stone Shaft Mining
43:43 Paper Money
46:40 Hand Cart
49:35 Scale Mail Armor
49:51 Leather Archer Armor
49:57 Chain Barding Armor
KırımTatarı
6:51 Loom
9:31 Feudal Age
10:45 Double-Bit Axe
20:08 Castle Age
18:22 Horse Collar
18:40 Gold Mining
20:52 Bloodlines
21:11 Bow Saw
22:41 Heavy Plow
22:53 Scale Barding Armor
23:26 Husbandry
25:30 Wheelbarrow
26:41 Chain Barding Armor
26:25 Stone Mining
32:52 Light Cavalry
33:56 Corvinian Army
35:07 Gold Shaft Mining
41:51 Imperial Age
39:37 Hand Cart
42:40 Hussar
43:57 Plate Barding Armor
42:49 Cavalier
58:08 Paladin
60:36 Caravan
61:08 Coinage
El Fuser
10:53 Feudal Age
10:54 Loom
18:15 Castle Age
17:34 Double-Bit Axe
36:02 Imperial Age
36:50 Bow Saw
36:25 Horse Collar
40:14 Husbandry
41:08 Double Crossbow
41:58 Caravan
44:44 Siege Engineers
44:57 Heavy Scorpion
50:18 Bloodlines
49:29 Light Cavalry
50:30 Capped Ram
50:55 Elite Ballista Elephant
54:51 Elite Battle Elephant
55:48 Hussar
56:55 Gold Mining
57:42 Wheelbarrow
58:44 Conscription
58:43 Forging
59:17 Scale Barding Armor
59:03 Fletching
60:50 Tusk Swords
Monk
10:41 Feudal Age
16:11 Castle Age
19:59 Scale Mail Armor
20:06 Double-Bit Axe
24:34 Arson
28:31 Chain Mail Armor
31:18 Loom
32:38 Forging
34:15 Town Watch
35:05 Wheelbarrow
34:48 Bow Saw
34:37 Gold Mining
42:47 Imperial Age
41:23 Iron Casting
41:51 Town Patrol
42:06 Hand Cart
42:52 Onager
45:07 Siege Onager
46:52 Conscription
48:55 Plate Mail Armor
49:25 Blast Furnace
49:29 Northmen's Fury
50:51 Elite Jomsviking
53:21 Hamask
57:02 Gold Shaft Mining
64:50 Blast Furnace
64:51 Stone Mining
Pandamonium
9:36 Loom
11:21 Feudal Age
15:43 Castle Age
13:45 Double-Bit Axe
13:42 Horse Collar
17:06 Bow Saw
24:30 Wheelbarrow
24:47 Scale Mail Armor
24:49 Heavy Plow
26:03 Chain Mail Armor
25:59 Forging
26:35 Gold Mining
26:39 Stone Mining
27:03 Squires
28:17 Hand Cart
30:21 Iron Casting
35:13 Imperial Age
33:11 Scale Barding Armor
33:57 Bloodlines
33:43 Town Watch
35:20 Chain Barding Armor
35:06 Husbandry
36:59 Blast Furnace
35:26 Heavy Camel Rider
37:17 Plate Barding Armor
38:08 Conscription
39:49 Two-Man Saw
38:12 Imperial Camel Rider
40:01 Chemistry
39:22 Ballistics
39:11 Grand Trunk Road
40:41 Gold Shaft Mining
40:50 Shatagni
41:11 Elite Ghulam
50:16 Fortified Wall
50:16 Masonry
56:25 Light Cavalry
61:07 Hussar
Connection lost

Rejoining the realm…

Still unreachable

The connection could not be restored.

Session expired

The server has moved on; the page needs a fresh start.